 Dungeon Crawl Stone Soup version 0.29-a0-284-gf9362112df (webtiles) character file.

Game seed: 9374033569484198363

20 NinjaNoafa the Grasshopper (level 2, -2/25 HPs)
             Began as a Ghoul Warper on Mar 28, 2022.
             Shot with a sling bullet by a goblin (3 damage)
             ... on level 3 of the Dungeon.
             The game lasted 00:12:25 (909 turns).

NinjaNoafa the Grasshopper (Ghoul Warper)            Turns: 909, Time: 00:12:26

Health: -2/25      AC:  8    Str: 14    XL:     2   Next: 79%
Magic:  3/3        EV: 10    Int:  8    God:
Gold:   46         SH:  0    Dex:  8    Spells: 2/4 levels left

rFire   . . .      SeeInvis .     - Unarmed
rCold   + . .      Faith    .   (no shield)
rNeg    + + +      Spirit   .   t - +0 ring mail
rPois   ∞          Reflect  .   (no helmet)
rElec   .          Harm     .   j - +2 cloak
rCorr   .          Rampage  .   (no gloves)
Will    .....                   (no boots)
Stlth   ..........              d - amulet of magic regeneration
HPRegen 0.00/turn               (no ring)
MPRegen 0.48/turn               (no ring)

@: inhibited regen
A: claws 1, cold resistance 1, negative energy resistance 3, inhibited
regeneration, torment resistance 2
a: no special abilities


You were on level 3 of the Dungeon.
You visited 1 branch of the dungeon, and saw 3 of its levels.

You collected 46 gold pieces.

Inventory:

Hand Weapons
 f - a +0 club
 o - a +0 flail
 s - a +0 dagger
 v - a +0 mace
 w - a +0 whip
Missiles
 c - 4 boomerangs of dispersal (quivered)
 i - 11 stones
Armour
 a - a +0 leather armour
 j - a +2 cloak (worn)
 m - a +0 robe
 p - a +0 robe
 t - a +0 ring mail (worn)
Jewellery
 d - an amulet of magic regeneration (around neck)
Scrolls
 b - a scroll of blinking
 g - a scroll of identify
 n - a scroll of fog {unknown}
 r - a scroll of enchant weapon
Potions
 e - 2 potions of curing {unknown}
 k - a potion of might {unknown}
 l - 2 potions of haste {unknown}
 u - a potion of cancellation {unknown}


   Skills:
 + Level 2.3 Fighting
 + Level 1.0 Throwing
 + Level 1.0 Armour
 + Level 2.1 Dodging
 + Level 2.4 Unarmed Combat
 + Level 1.8 Spellcasting
 + Level 3.0 Translocations


You had 2 spell levels left.
You knew the following spells:

 Your Spells              Type           Power      Damage    Failure   Level
a - Blink                 Tloc           10%        N/A       32%         2

Your spell library contained the following spells:

 Spells                   Type           Power      Damage    Failure   Level
 Gell's Gravitas          Tloc           5%         N/A       54%         3
 Lesser Beckoning         Tloc           5%         N/A       54%         3
 Teleport Other           Tloc           5%         N/A       54%         3
 Manifold Assault         Tloc           5%         N/A       99%         5


Dungeon Overview and Level Annotations

Branches:
Dungeon (3/15)

Altars:
Elyvilon


Innate Abilities, Weirdness & Mutations

You thrive by killing the living.
You are immune to poison.
You have sharp fingernails.
Your flesh is cold resistant. (rC+)
You are immune to negative energy. (rN+++)
You do not regenerate when monsters are visible.
You are immune to unholy pain and torment.


Message History

The orc hits you but does no damage.
You barely miss the orc.
The orc is almost dead.
The orc hits you with a +0 mace of protection.
You scratch the orc but do no damage.
The orc is almost dead.
The orc hits you with a +0 mace of protection.
* * * LOW HITPOINT WARNING * * *
You scratch the orc but do no damage.
The orc is almost dead.
The orc barely misses you.
You scratch the orc but do no damage.
The orc is almost dead.
The orc barely misses you.
You are too injured to fight recklessly!
As you read the scroll of identify, it crumbles to dust.
h - a scroll of teleportation The orc hits you with a +0 mace of protection.
* * * LOW HITPOINT WARNING * * *
As you read the scroll of teleportation, it crumbles to dust.
You feel strangely unstable. The orc hits you but does no damage.
Found 5 gold pieces.
Found a helmet.
Your surroundings suddenly seem different.
A goblin comes into view. It is wielding a +0 club.
Attack: -) Claws
Press: ? - help, Dir - move target You swing at nothing.
The goblin unwields a +0 club.
The goblin wields a +0 hunting sling.
The goblin shoots a sling bullet.
The sling bullet closely misses you.
The goblin shoots a sling bullet.
The sling bullet hits you but does no damage.
You start resting.
A goblin is nearby!
The goblin shoots a sling bullet.
The sling bullet barely misses you.
The goblin shoots a sling bullet.
The sling bullet hits you but does no damage.
The goblin shoots a sling bullet.
The sling bullet closely misses you.
The goblin shoots a sling bullet.
The sling bullet hits you.
You die...

## . ##. #..
#.# ##. #.#
.. #.# # #.
#@# .#
###.####.#..#
............#
####.##.##.##
#.......#
##g##.### #.#
.# #g.#.#
#..#..


You could see a goblin.

Vanquished Creatures
  An orc (D:3)
  A ball python (D:2)
  2 bats
  2 endoplasms (D:2)
  A goblin (D:1)
  A hobgoblin (D:3)
  2 quokkas
  4 frilled lizards
  A kobold (D:1)
  3 rats
18 creatures vanquished.

Notes
Turn   | Place    | Note
-------+----------+-------------------------------------------
     0 | D:1      | NinjaNoafa the Ghoul Warper began the quest for the Orb.
     0 | D:1      | Reached XP level 1. HP: 17/17 MP: 2/2
   126 | D:1      | You fall into a shaft and drop 1 floor!
   363 | D:2      | Reached XP level 2. HP: 24/24 MP: 3/3
   393 | D:2      | Learned a level 2 spell: Blink
   626 | D:1      | Reached skill level 3 in Translocations
   652 | D:1      | Reached skill level 1 in Armour
   842 | D:3      | Reached skill level 1 in Throwing
   896 | D:3      | HP: 1/25 [orc/+0 mace of protection (5)]
   909 | D:3      | Shot with a sling bullet by a goblin

Illustrated notes

Levels and vault maps discovered:
D:1:      giann_forest_graveyard, layout_basic, chequers_ecumenical_altar_grove
D:2:      layout_loops_corners, basic_altar
D:3:      layout_basic, serial_shops, shop

Skill      XL: |  1  2 |
---------------+-------+-----
Dodging        | 2 |  2.1
Translocations | 3 |  3.0
Armour         | 1 |  1.0
Throwing       | 1 |  1.0
Fighting       | |  2.3
Unarmed Combat | |  2.4
Spellcasting   | |  1.8

Action                   || total
-------------------------++-------
Melee: Unarmed           ||    66
       Punch             ||     1
Throw: Boomerang         ||     3
       Stone             ||     5
  Use: Scroll            ||     4
Armor: Leather armour    ||    33
       Ring mail         ||    12
Dodge: Dodged            ||    76

Table legend: (Time is in decaauts)
 A = Elapsed time spent in this place.
 B = Non-inter-level travel time spent in this place.
 C = Inter-level travel time spent in this place.
 D = Time resting spent in this place.
 E = Time spent auto-exploring this place.
 F = Levels seen in this place.
 G = Mean time per level.
                   A        B        C        D        E       F      G
               +--------+--------+--------+--------+--------+-----+--------+
         Total |    908 |    908 |      0 |      2 |      0 |   3 |  302.7 |
       Dungeon |    908 |    908 |      0 |      2 |      0 |   3 |  302.7 |
               +--------+--------+--------+--------+--------+-----+--------+

Top non-repeatable levels by time:
     D:2: 493 daAuts
     D:1: 310 daAuts
     D:3: 104 daAuts
